 Dungeon Crawl Stone Soup version 0.30.1-11-g7821555f0a (webtiles) character file.

Game seed: 13787675742880886402

1792 fireball365 the Cleaver (level 9, -5/78 HPs)
             Began as a Hill Orc Fighter on Dec 15, 2023.
             Slain by an orc warlord
             ... wielding a +6 broad axe
              (33 damage)
             ... in a bailey.
             The game lasted 00:14:07 (8187 turns).

fireball365 the Cleaver (Hill Orc Fighter)          Turns: 8187, Time: 00:14:11

Health: -5/78      AC: 15    Str: 23    XL:     9   Next: 9%
Magic:  0/9        EV:  9    Int:  8    God:
Gold:   377        SH:  5    Dex: 10    Spells: 8/8 levels left

rFire   + . .        N - +0 broad axe
rCold   . . .        c - +0 buckler
rNeg    . . .        M - +0 chain mail
rPois   .            s - +0 helmet
rElec   .            (no cloak)
rCorr   .            h - +0 pair of gloves
SInv    .            u - +1 pair of boots
Will    .....        k - amulet of guardian spirit Stlth
                     A - ring of protection from fire
HPRegen 0.33/turn    H - +4 ring of slaying
MPRegen 0.11/turn

%: guardian spirit
@: no status effects
A: no striking features
a: no special abilities


You were in a bailey.
You visited 2 branches of the dungeon, and saw 8 of its levels.
You also visited: Bailey.

You collected 377 gold pieces.

Inventory:

Hand Weapons
 a - a +0 war axe
 N - a +0 broad axe (weapon)
Missiles
 e - 12 poisoned darts (quivered)
 F - 2 throwing nets
 J - 4 boomerangs of dispersal
 O - 15 boomerangs
Armour
 b - a +0 scale mail
 c - a +0 buckler (worn)
 h - a +0 pair of gloves (worn)
 s - a +0 helmet (worn)
 u - a +1 pair of boots (worn)
 M - a +0 chain mail (worn)
Jewellery
 k - an amulet of guardian spirit (around neck)
 n - a ring of willpower
 t - a ring of protection from cold
 w - an amulet of regeneration
 A - a ring of protection from fire (left hand)
 B - a ring of positive energy
 H - a +4 ring of slaying (right hand)
 L - a ring of fire
Wands
 g - a wand of mindburst (11)
 C - a wand of paralysis (7)
Scrolls
 f - 5 scrolls of teleportation
 j - 2 scrolls of magic mapping
 m - a scroll of enchant armour
 q - a scroll of amnesia
 r - 5 scrolls of noise
 y - 3 scrolls of enchant weapon
 P - a scroll of brand weapon {unknown}
Potions
 d - 4 potions of might
 i - a potion of curing
 l - a potion of attraction
 o - 4 potions of haste
 p - 2 potions of lignification
 v - 2 potions of heal wounds
 x - 2 potions of flight {unknown}
 z - 2 potions of magic {unknown}
 E - a potion of degeneration {unknown}
 I - 3 potions of brilliance {unknown}


   Skills:
 + Level 6.7 Fighting
 + Level 9.3 Axes
 + Level 7.3 Armour
 + Level 2.3 Dodging
 + Level 0.7 Stealth
 + Level 5.3 Shields


You had 8 spell levels left.
You didn't know any spells.
Your spell library contained the following spells:

 Spells                   Type           Power      Damage    Failure   Level
 Kiss of Death            Conj/Necr      0%         2d5       95%         1
 Confusing Touch          Hex            0%         N/A       100%        3
 Dispel Undead            Necr           0%         3d6       100%        4


Dungeon Overview and Level Annotations

Branches:
Dungeon (7/15)             Temple (1/1) D:6          Bailey (1/1)

Altars:
Ashenzari
Cheibriados
Dithmenos
Elyvilon
Fedhas
Hepliaklqana
Kikubaaqudgha
Makhleb
Nemelex Xobeh
Okawaru
Qazlal
Ru
Sif Muna
Trog
Uskayaw
Vehumet
Xom
Zin
The Shining One

Shops:
D:2 :


Message History

Press: ? - help, Q - select action, (/) - cycle Shift-Dir - straight line, f/p - orc warlord
Aim: an orc warlord, wielding a +6 broad axe and wearing a +0 crystal plate armour (moderately wounded, chance to affect: 17%)
The orc warlord resists with almost no effort.
The orc warlord hits you with a +6 broad axe!!
* * * LOW HITPOINT WARNING * * *
The orc warlord misses your butterfly.
The orc warlord closely misses your butterfly.
The orc warlord hits your butterfly with a +6 broad axe!
Your butterfly dies!
Your butterfly disappears in a burst of colours!
The orc warlord hits your butterfly with a +6 broad axe!!
Your butterfly dies!
Your butterfly disappears in a burst of colours!
You feel much better.
The orc warlord hits you but does no damage.
The orc warlord barely misses your butterfly.
The orc warlord hits your butterfly with a +6 broad axe!!
Your butterfly dies!
Your butterfly disappears in a burst of colours!
The orc warlord hits your butterfly with a +6 broad axe!
Your butterfly dies!
Your butterfly disappears in a burst of colours!
Aiming: Mindburst
Press: ? - help, Q - select action, (/) - cycle Shift-Dir - straight line, p - orc warlord The orc warlord easily resists.
The orc warlord hits you with a +6 broad axe.
The orc warlord hits your butterfly with a +6 broad axe!!
Your butterfly dies!
Your butterfly disappears in a burst of colours!
The orc warlord hits your butterfly with a +6 broad axe!
Your butterfly dies!
Your butterfly disappears in a burst of colours!
You hit the orc warlord but do no damage.
The orc warlord is moderately wounded.
The orc warlord hits you with a +6 broad axe!
The orc warlord hits your butterfly with a +6 broad axe!!
Your butterfly dies!
Your butterfly disappears in a burst of colours!
The orc warlord hits you with a +6 broad axe!!
You die...

##### ##### ##...## ##...##
##.....## ##.....##
##.......#######.......##
##..8..8b...bb...bb8..8..##
#.............bbbbbbbb....#
#............@..b..b......#
#...8.))...#'o'#bb....8...#
##....).####~~~####......##
♣##.....#~~~~~~~~~#.....##♣
♣.##....#~.8...8.~#....##.♣
♣♣..###'###.......###'###..♣♣
♣...~~~.#~~.8...8.~~#.~~~...♣
♣♣...~~~.#~.........~#.~~~...♣♣
♣∩...~~~.#~....∩....~#.~~~...∩♣


You could see an orc warlord.

Vanquished Creatures
  Menkaure (D:4)
  A black bear (D:5)
  4 orc warriors (Bailey)
  3 ogres
  A centaur (D:6)
  A bullfrog (D:7)
  3 scorpions
  An orc priest (D:5)
  A hound (D:5)
  A jelly (D:6)
  A gnoll bouda (D:6)
  Ijyb (D:4)
  Natasha (twice) (D:3)
  3 iguanas
  2 orc wizards
  Robin (D:4)
  10 gnolls
  4 adders
  An ufetubus (D:5)
  2 dart slugs
  22 orcs
  6 ball pythons
  4 bats
  4 endoplasms
  2 giant cockroaches
  24 goblins
  16 hobgoblins
  10 jackals
  20 kobolds
  3 quokkas
  3 frilled lizards
  5 rats
163 creatures vanquished.

Notes
Turn   | Place    | Note
-------+----------+-------------------------------------------
     0 | D:1      | fireball365 the Hill Orc Fighter began the quest for the
                  | Orb.
     0 | D:1      | Reached XP level 1. HP: 19/19 MP: 1/1
   191 | D:1      | Reached XP level 2. HP: 27/27 MP: 2/2
   214 | D:1      | Reached skill level 3 in Axes
   388 | D:1      | Reached XP level 3. HP: 33/33 MP: 3/3
  1200 | D:2      | Found Itathaddu's Vocational Training.
  1339 | D:2      | Found a faded altar of an unknown god.
  1553 | D:2      | Reached XP level 4. HP: 13/40 MP: 4/4
  2093 | D:3      | Reached skill level 4 in Axes
  2258 | D:3      | Noticed Natasha
  2293 | D:3      | Killed Natasha
  2294 | D:3      | Reached XP level 5. HP: 15/46 MP: 1/5
  2641 | D:3      | Noticed Natasha
  2649 | D:3      | Killed Natasha
  2650 | D:3      | Reached skill level 1 in Dodging
  3359 | D:4      | Noticed an ogre
  3366 | D:4      | Killed an ogre
  3367 | D:4      | Reached skill level 5 in Axes
  3367 | D:4      | Reached XP level 6. HP: 35/53 MP: 4/6
  3471 | D:4      | Noticed Robin
  3486 | D:4      | Killed Robin
  3645 | D:4      | Noticed Ijyb
  3645 | D:4      | Noticed Menkaure
  3660 | D:4      | Killed Menkaure
  3661 | D:4      | Reached skill level 6 in Axes
  3661 | D:4      | Reached skill level 5 in Armour
  3661 | D:4      | Reached XP level 7. HP: 18/60 MP: 3/7
  3661 | D:4      | Killed Ijyb
  4489 | D:5      | Entered Level 5 of the Dungeon
  4513 | D:5      | Reached skill level 5 in Fighting
  4698 | D:5      | Reached skill level 7 in Axes
  5042 | D:5      | Reached XP level 8. HP: 69/69 MP: 8/8
  5233 | D:5      | Found a hide-covered altar of Uskayaw.
  5710 | D:6      | Found a staircase to the Ecumenical Temple.
  5722 | Temple   | Entered the Ecumenical Temple
  6955 | D:6      | Reached skill level 5 in Shields
  7433 | D:7      | Reached skill level 8 in Axes
  7446 | D:7      | Found a flagged portal.
  7464 | Bailey   | Entered a bailey
  7469 | Bailey   | Noticed an orc warlord
  7587 | Bailey   | Reached XP level 9. HP: 25/78 MP: 4/9
  7658 | Bailey   | Reached skill level 9 in Axes
  7804 | Bailey   | Found a runed translucent gate.
  7804 | Bailey   | Found a runed translucent gate.
  7965 | Bailey   | Found a runed translucent gate.
  8187 | Bailey   | Slain by an orc warlord

Illustrated notes

Levels and vault maps discovered:
D:1:      onia_arrival_pentagram, layout_basic, moated_statue
D:2:      layout_loops_ring, shapermc_ecumenical_altar_flowoftime, fountainhead,
          nicolae_shop_vocational
D:3:      layout_basic, uniq_natasha
D:4:      layout_cave_pods, uniq_ijyb, uniq_menkaure, uniq_robin
D:5:      layout_gridville, eat_drink_and_be_merry_uskayaw
D:6:      layout_layer_cave, minmay_temple_entry_statues_fountains,
          serial_glass, glass_columns_b, glass_columns_a, glass_columns_b,
          glass_columns_a, glass_columns_a
D:7:      layout_rooms, enter_bailey_5, nicolae_take_the_stairs,
          nicolae_figureground_pulse
Temple:   compressed_dpeg_circular_temple
Bailey:   bailey_axe_bossmonster_kennysheep, bailey

Skill      XL: |  1  2  3  4  5  6  7  8  9 |
---------------+----------------------------+-----
Axes           | 3 4 5 6 7 8 9 |  9.3
Shields        | 4 5 |  5.3
Armour         | 4 5 6 7 |  7.3
Fighting       | 4 5 6 |  6.7
Dodging        | 1 2 |  2.3
Stealth        | |  0.7

Action                     |  1- 3 |  4- 6 |  7- 9 || total
---------------------------+-------+-------+-------++-------
  Melee: War axe           |    95 |   137 |   229 ||   461
         Broad axe         |       |       |    28 ||    28
  Evoke: Wand              |       |       |     6 ||     6
    Use: Potion            |       |     1 |     3 ||     4
         Scroll            |       |     6 |     7 ||    13
 Armour: Scale mail        |    57 |   112 |   171 ||   340
         Chain mail        |       |       |     1 ||     1
  Dodge: Dodged            |    43 |   124 |   161 ||   328
  Block: Buckler           |    28 |    49 |    84 ||   161
